 Dungeon Crawl Stone Soup version 0.28-a0-1159-g27aa881441 (webtiles) character file.

Game seed: 7335384482152403550

147 Essalna the Firebug (level 5, -4/35 HPs)
             Began as a Demonspawn Fire Elementalist on Dec 15, 2021.
             Slain by an orc priest (9 damage)
             ... on level 5 of the Dungeon.
             The game lasted 00:04:36 (3347 turns).

Essalna the Firebug (Demonspawn Fire Elementalist)  Turns: 3347, Time: 00:04:36

Health: -4/35      AC:  2    Str:  9    XL:     5   Next: 8%
Magic:  6/9        EV: 12    Int: 18    God:
Gold:   163        SH:  0    Dex: 13    Spells: 7/10 levels left

rFire   + . .      SeeInvis .   o - staff of fire
rCold   . . .      Faith    .   (no shield)
rNeg    + . .      Spirit   .   a - +0 robe
rPois   .          Reflect  .   (no helmet)
rElec   .          Harm     .   (no cloak)
rCorr   .          Rampage  .   (no gloves)
Will    +....                   (no boots)
Stlth   ++........              (no amulet)
HPRegen 0.11/turn               k - ring of willpower
MPRegen 0.11/turn               l - ring of positive energy

@: no status effects
A: demonic magic 1, weakness stinger 1
a: no special abilities


You were on level 5 of the Dungeon.
You visited 1 branch of the dungeon, and saw 5 of its levels.

You collected 163 gold pieces.

Inventory:

Hand Weapons
 e - a +0 dagger
Armour
 a - a +0 robe (worn)
Magical Staves
 o - a staff of fire (weapon)
Jewellery
 k - a ring of willpower (left hand)
 l - a ring of positive energy (right hand)
Scrolls
 d - a scroll of fog {unknown}
 f - 3 scrolls of identify {unknown}
 j - 2 scrolls of torment {unknown}
 m - 2 scrolls of magic mapping {unknown}
Potions
 b - a potion of heal wounds {unknown}
 c - a potion of berserk rage {unknown}
 g - 5 potions of curing {unknown}
 h - 2 potions of mutation {unknown}
 i - 2 potions of attraction {unknown}
 n - 3 potions of magic {unknown}


   Skills:
 - Level 1.7 Dodging
 - Level 1.7 Stealth
 + Level 3.2 Spellcasting
 + Level 2.9 Conjurations
 + Level 3.7 Fire Magic


You had 7 spell levels left.
You knew the following spells:

 Your Spells              Type           Power      Damage    Failure   Level
a - Foxfire               Conj/Fire      88%        2x1d8     4%          1
b - Scorch                Fire           48%        2d7       5%          2

Your spell library contained the following spells:

 Spells                   Type           Power      Damage    Failure   Level
 Conjure Flame            Conj/Fire      22%        6-21      12%         3
 Inner Flame              Hex/Fire       14%        N/A       22%         3
 Flame Wave               Conj/Fire      22%        2d6       38%         4


Dungeon Overview and Level Annotations

Branches:
Dungeon (5/15)
 Temple: D:4-7

Altars:

Shops:
D:4 ?

Annotations:
D:3 Terence
D:4 Dowan, Duvessa


Innate Abilities, Weirdness & Mutations

Spells you cast may paralyse adjacent enemies.
You have a small tail.


Message History

Casting: Foxfire (safe; 4% risk of failure)
Confirm with . or Enter, or press ? or * to list all spells.
You feel a surge of power!
You conjure some foxfire!
Malevolent energies surge around you.
The orc priest hits you from afar with a +0 trident!
There is an open door here.
Things that are here:
a +0 club; an orc corpse Your foxfire dissipates!
The foxfire hits the orc wizard.
The orc wizard is moderately wounded.
The orc priest casts a cantrip, but nothing happens.
Casting: Foxfire (safe; 4% risk of failure)
Confirm with . or Enter, or press ? or * to list all spells.
You feel a surge of power!
You conjure some foxfire!
Malevolent energies surge around you. The orc wizard barely misses you.
You hit the orc wizard but do no damage.
You burn the orc wizard.
The orc wizard is moderately wounded.
The foxfire hits the orc wizard.
The orc wizard is heavily wounded.
The foxfire hits the orc wizard.
The orc wizard is heavily wounded.
The orc wizard closely misses you.
The orc priest hits you from afar with a +0 trident!
Casting: Foxfire (safe; 4% risk of failure)
Confirm with . or Enter, or press ? or * to list all spells.
You feel a surge of power!
You conjure some foxfire!
Malevolent energies surge around you. The orc wizard closely misses you.
The orc priest hits you from afar with a +0 trident!
* * * LOW HITPOINT WARNING * * *
You barely miss the orc wizard.
The orc wizard is heavily wounded.
The foxfire hits the orc wizard but does no damage.
The orc wizard is heavily wounded.
The foxfire hits the orc wizard.
The orc wizard is heavily wounded.
The orc wizard misses you.
The orc priest hits you from afar with a +0 trident!
You die...

##########
#........#.#
#.######.#.#
#.#..<.#.#o#
#.#.#..#.#o#
#.#.####ยง#o#
#.#....@.#.#
#......o##.#
#.......o.o#
##......####
########


You could see an orc priest and an orc wizard.

Vanquished Creatures
  A centaur (D:4)
  An ufetubus (D:4)
  5 dart slugs
  An orc (D:5)
  2 ball pythons (D:1)
  5 endoplasms
  4 hobgoblins
  5 jackals
  3 kobolds
  5 quokkas
  8 bats
  A frilled lizard (D:2)
  3 goblins
44 creatures vanquished.

Vanquished Creatures (others)
  182 foxfires
182 creatures vanquished.

Grand Total: 226 creatures vanquished

Notes
Turn   | Place    | Note
-------+----------+-------------------------------------------
     0 | D:1      | Essalna the Demonspawn Fire Elementalist began the quest
                  | for the Orb.
     0 | D:1      | Reached XP level 1. HP: 13/13 MP: 3/3
   383 | D:1      | Gained mutation: Spells you cast may paralyse adjacent
                  | enemies. [demonic ancestry]
   383 | D:1      | Reached XP level 2. HP: 19/19 MP: 1/5
  1857 | D:2      | Gained mutation: You have a small tail. [demonic ancestry]
  1857 | D:2      | Reached XP level 3. HP: 23/24 MP: 0/6
  2737 | D:3      | Learned a level 2 spell: Scorch
  2827 | D:3      | Noticed Terence
  2977 | D:4      | Noticed a centaur
  2987 | D:4      | Killed a centaur
  2988 | D:4      | Reached XP level 4. HP: 19/30 MP: 4/8
  2988 | D:4      | Reached XP level 5. HP: 22/35 MP: 4/9
  3156 | D:4      | Found Jykag's Magic Scroll Shop.
  3165 | D:4      | Noticed Dowan
  3166 | D:4      | Noticed Duvessa
  3179 | D:5      | Entered Level 5 of the Dungeon
  3347 | D:5      | Slain by an orc priest

Illustrated notes

Levels and vault maps discovered:
D:1:      dpeg_arrival_rhombus, layout_loops_corners
D:2:      layout_basic
D:3:      layout_rooms, hellmonk_ecumenical_altar_zigzags,
          kennysheep_generic_room_11, uniq_terence
D:4:      layout_loops_cross, gammafunk_ghost_mausoleum, serial_shops,
          nicolae_shop_hallway_stairs, uniq_natasha, uniq_duvessa
D:5:      layout_basic, mainiacjoe_overflow_alcove_1, hex_intersection

Skill      XL: |  1  2  3 |
---------------+----------+-----
Fire Magic     | 3 |  3.7
Conjurations   | 2 |  2.9
Spellcasting   | 3 |  3.2
Dodging        | |  1.7
Stealth        | |  1.7

Action                   |  1- 3 |  4- 6 || total
-------------------------+-------+-------++-------
Melee: Unarmed           |     7 |       ||     7
       Dagger            |    25 |       ||    25
       Staff             |     8 |     4 ||    12
       Tailslap          |     2 |       ||     2
 Cast: Foxfire           |   108 |     4 ||   112
 Stab: Paralysed         |     6 |     1 ||     7
Armor: Robe              |     7 |       ||     7
Dodge: Dodged            |    31 |     6 ||    37

Table legend: (Time is in decaauts)
 A = Elapsed time spent in this place.
 B = Non-inter-level travel time spent in this place.
 C = Inter-level travel time spent in this place.
 D = Time resting spent in this place.
 E = Time spent auto-exploring this place.
 F = Levels seen in this place.
 G = Mean time per level.
                   A        B        C        D        E       F      G
               +--------+--------+--------+--------+--------+-----+--------+
         Total |   3346 |   3294 |     52 |      0 |   2927 |   5 |  669.2 |
       Dungeon |   3346 |   3294 |     52 |      0 |   2927 |   5 |  669.2 |
               +--------+--------+--------+--------+--------+-----+--------+

Top non-repeatable levels by time:
     D:1: 1569 daAuts
     D:2: 733 daAuts
     D:3: 538 daAuts
     D:4: 336 daAuts
     D:5: 168 daAuts
